 Dungeon Crawl Stone Soup version 0.28-a0-1613-gdaab1c2f9b (webtiles) character file.

Game seed: 16291010163632198939

534750 gimp the Ogre Mage (level 25, -1/244 HPs)
             Began as an Ogre Hedge Wizard on Jan 22, 2022.
             Was the Champion of Vehumet.
             Slain by a death cob (12 damage)
             ... on level 2 of the Realm of Zot.
             The game lasted 03:18:31 (80900 turns).

gimp the Ogre Mage (Ogre Hedge Wizard)             Turns: 80900, Time: 03:18:32

Health: -1/244     AC: 16    Str: 21    XL:     25   Next: 77%
Magic:  13/56      EV: 13    Int: 25    God:    Vehumet [******]
Gold:   5598       SH: 24    Dex: 10    Spells: 14/64 levels left

rFire   + + .      SeeInvis +   a - +8 spear of Indomitability {vorpal, *Noise rElec rPois rF+++}
rCold   + + +      Faith    .   c - +7 tower shield {reflect}
rNeg    + + .      Spirit   .   T - +4 skin of Zhor {*Englaciate rC+++ SInv}
rPois   +          Reflect  +   Z - +2 hat
rElec   +          Harm     .   M - +2 cloak {Will+}
rCorr   .          Rampage  .   (gloves unavailable)
Will    ++++.                   (boots unavailable)
Stlth   ++........              z - amulet "Giziuress" {RegenMP Int+4}
HPRegen 0.50/turn               o - ring "Lynofapp" {Fly rF- rN++ AC+4}
MPRegen 0.75/turn               I - ring of Xom's Best Wishes {Will+ MP+9}

@: unable to drink, flying, slowed, studying Axes, very slow
A: large, unfitting armour, tough skin 1
}: 3/15 runes: decaying, serpentine, silver
a: Renounce Religion


You were on level 2 of the Realm of Zot.
You worshipped Vehumet.
Vehumet was exalted by your worship.
You visited 10 branches of the dungeon, and saw 46 of its levels.
You also visited: Trove, Gauntlet and Desolation.

You collected 7490 gold pieces.
You spent 1892 gold pieces at shops.

Inventory:

Hand Weapons
 a - the +8 spear of Indomitability (weapon) {vorpal, *Noise rElec rPois rF+++}
   (You bought it in a shop on level 4 of the Vaults)

   It inflicts extra damage upon your enemies.
   rF:        It renders you almost immune to fire.
   rElec:     It insulates you from electricity.
   rPois:     It protects you from poison.
   *Noise:    It may make noises in combat.
 b - the +6 morningstar "Fyliuk" {drain, rElec Int+3 SInv}
   (You found it on level 3 of the Lair of Beasts)

   A truly terrible weapon, it drains the life of any living foe it strikes.
   Int:       It affects your intelligence (+3).
   rElec:     It insulates you from electricity.
   SInv:      It lets you see invisible.
Missiles
 k - 10 curare-tipped darts
 X - 3 throwing nets
Armour
 c - a +7 tower shield of reflection (worn)
 M - a +2 cloak of willpower (worn)
 T - the +4 skin of Zhor (worn) {*Englaciate rC+++ SInv}
   (You found it on level 3 of the Lair of Beasts)

   It radiates cold, occasionally slowing all nearby creatures who are not
   resistant to cold.
   rC:        It renders you almost immune to cold.
   SInv:      It lets you see invisible.
 Z - a +2 hat (worn)
Magical Staves
 K - a staff of conjuration
 P - a staff of earth
Jewellery
 d - the ring "Ronyukh" {rF++ rC+ rN+ Str+6 Int-3}
   (You took it off a deep elf annihilator on level 3 of the Elven Halls)

   [ring of strength]

   Str:       It affects your strength (+6).
   Int:       It affects your intelligence (-3).
   rF:        It greatly protects you from fire.
   rC:        It protects you from cold.
   rN:        It protects you from negative energy.
 o - the ring "Lynofapp" (left hand) {Fly rF- rN++ AC+4}
   (You took it off a minotaur in a Gauntlet)

   [ring of protection]

   AC:        It affects your AC (+4).
   rF:        It makes you vulnerable to fire.
   rN:        It greatly protects you from negative energy.
   Fly:       It grants you flight.
 z - the amulet "Giziuress" (around neck) {RegenMP Int+4}
   (You acquired it on level 9 of the Dungeon)

   [amulet of magic regeneration]

   It increases your rate of magic regeneration.
   Int:       It affects your intelligence (+4).
 D - a ring of resist corrosion
 I - the ring of Xom's Best Wishes (right hand) {Will+ MP+9}
   (You found it on level 2 of the Elven Halls)

   [ring of magical power]

   MP:        It affects your magic capacity (+9).
   Will:      It increases your willpower.
 R - the ring "Hikhev" {Will+++ rCorr MP-9 Str+3 SInv}
   (You found it on level 5 of the Vaults)

   [ring of see invisible]

   Str:       It affects your strength (+3).
   MP:        It affects your magic capacity (-9).
   SInv:      It lets you see invisible.
   rCorr:     It protects you from acid and corrosion.
   Will:      It greatly increases your willpower.
 W - a ring of poison resistance
Wands
 l - a wand of iceblast (26)
 n - a wand of digging (8)
 p - a wand of flame (73)
 x - a wand of acid (20)
 B - a wand of mindburst (4)
Scrolls
 e - 15 scrolls of fog
 g - 27 scrolls of teleportation
 m - 2 scrolls of amnesia
 q - 15 scrolls of fear
 u - 5 scrolls of blinking
 C - 2 scrolls of silence
 E - 2 scrolls of holy word
 G - 2 scrolls of enchant armour
 J - 4 scrolls of summoning
 V - 3 scrolls of magic mapping
Potions
 f - 4 potions of brilliance
 h - 5 potions of ambrosia
 i - 19 potions of curing
 j - 2 potions of resistance
 r - 8 potions of haste
 v - 5 potions of might
 w - 5 potions of invisibility
 L - 7 potions of heal wounds
 O - 5 potions of mutation
 Q - 4 potions of cancellation
 S - 5 potions of flight
 U - 4 potions of magic
Miscellaneous
 t - a phantom mirror
 y - a tin of tremorstones (1/2)
 A - a lightning rod (4/4)
 F - a phial of floods
 H - a condenser vane
 N - a box of beasts


   Skills:
 - Level 13.0 Fighting
 - Level 15.0 Dodging
 - Level 1.4 Stealth
 - Level 15.0 Shields
 + Level 20.1 Spellcasting
 - Level 15.0 Conjurations
 - Level 2.0 Summonings
 - Level 0.8 Translocations
 - Level 8.0 Transmutations
 - Level 15.0 Ice Magic
 * Level 19.1 Air Magic
 - Level 11.0 Earth Magic
 - Level 3.0 Poison Magic
 - Level 11.0 Evocations


You had 14 spell levels left.
You knew the following spells:

 Your Spells              Type           Power      Damage    Failure   Level
a - Stone Arrow           Conj/Erth      100%       3d13      1%          3
b - Blink                 Tloc           58%        N/A       4%          2
c - Conjure Ball Lightni  Conj/Air       42%        3x3d15    1%          6
d - Apportation           Tloc           58%        N/A       3%          1
e - Static Discharge      Conj/Air       84%        N/A       0%          2
f - Lightning Bolt        Conj/Air       42%        1d61      1%          5
g - Magic Dart            Conj           100%       1d8       0%          1
h - Olgreb's Toxic Radia  Pois           40%        N/A       4%          4
i - Ozocubu's Refrigerat  Ice            39%        4d12      2%          7
j - Iron Shot             Conj/Erth      37%        9d7       1%          6
k - Irradiate             Conj/Tmut      35%        3d25      1%          5
l - Maxwell's Capacitive  Air            44%        ∞         3%          8

Your spell library contained the following spells:

 Spells                   Type           Power      Damage    Failure   Level
 Chain Lightning          Conj/Air       42%        3d56      69%         9
 Ignition                 Fire           12%        3d6       100%        8
 Fire Storm               Conj/Fire      29%        8d7       100%        9
 Freeze                   Ice            100%       1d11      0%          1
 Searing Ray              Conj           100%       2d8       0%          2
 Beastly Appendage        Tmut           100%       N/A       1%          1
 Foxfire                  Conj/Fire      100%       2x1d9     1%          1
 Sandblast                Erth           100%       2d20      1%          1
 Summon Small Mammal      Summ           100%       N/A       1%          1
 Ensorcelled Hibernation  Hex/Ice        100%       N/A       1%          2
 Scorch                   Fire           50%        2d7       1%          2
 Wereblood                Tmut           60%        N/A       1%          2
 Conjure Flame            Conj/Fire      58%        6-21      1%          3
 Frozen Ramparts          Ice            100%       1d12      1%          3
 Ignite Poison            Fire/Tmut/Pois 43%        N/A       1%          3
 Mephitic Cloud           Conj/Pois/Air  72%        N/A       1%          3
 Ozocubu's Armour         Ice            79%        N/A       1%          3
 Spider Form              Tmut/Pois      51%        N/A       1%          3
 Fulminant Prism          Conj/Hex       29%        3d14      1%          4
 Hailstorm                Conj/Ice       79%        3d16      1%          4
 Ice Form                 Ice/Tmut       70%        N/A       1%          4
 Iskenderun's Mystic Bla  Conj/Tloc      59%        2d12      1%          4
 Summon Lightning Spire   Summ/Air       67%        N/A       1%          4
 Fireball                 Conj/Fire      29%        3d13      1%          5
 Iskenderun's Battlesphe  Conj           79%        2d13      1%          5
 Lee's Rapid Deconstruct  Erth           34%        3d18*     1%          5
 Orb of Destruction       Conj           39%        9d11      2%          7
 Call Imp                 Summ           35%        N/A       3%          2
 Animate Skeleton         Necr           50%        N/A       4%          1
 Pain                     Necr           100%       1d9       4%          1
 Slow                     Hex            100%       N/A       4%          1
 Leda's Liquefaction      Hex/Erth       25%        N/A       4%          4
 Call Canine Familiar     Summ           35%        N/A       6%          3
 Metabolic Englaciation   Hex/Ice        29%        N/A       6%          5
 Yara's Violent Unravell  Hex/Tmut       22%        3d10      7%          5
 Starburst                Conj/Fire      29%        6d9       9%          6
 Gell's Gravitas          Tloc           29%        N/A       10%         3
 Tukima's Dance           Hex            25%        N/A       14%         3
 Vampiric Draining        Necr           25%        2d7       14%         3
 Borgnjor's Vile Clutch   Necr/Erth      25%        N/A       14%         5
 Statue Form              Tmut/Erth      42%        N/A       14%         6
 Storm Form               Tmut/Air       37%        N/A       16%         7
 Eringya's Noxious Bog    Tmut/Pois      25%        N/A       19%         6
 Spellforged Servitor     Conj/Summ      30%        N/A       30%         7
 Passage of Golubria      Tloc           29%        N/A       32%         4
 Simulacrum               Ice/Necr       29%        N/A       32%         6
 Lehudib's Crystal Spear  Conj/Erth      37%        10d9      36%         8
 Animate Dead             Necr           12%        N/A       43%         4
 Manifold Assault         Tloc           29%        N/A       67%         5
 Death Channel            Necr           12%        N/A       100%        6
 Haunt                    Necr/Summ      15%        N/A       100%        7
 Malign Gateway           Summ/Tloc      16%        N/A       100%        7
 Summon Hydra             Summ           17%        N/A       100%        7
 Borgnjor's Revivificati  Necr           12%        N/A       100%        8
 Discord                  Hex            12%        N/A       100%        8
 Infestation              Necr           12%        N/A       100%        8
 Necromutation            Tmut/Necr      22%        N/A       100%        8
 Summon Horrible Things   Summ           17%        N/A       100%        8
 Death's Door             Necr           12%        N/A       100%        9
 Shatter                  Erth           34%        3d28*     100%        9


Dungeon Overview and Level Annotations

Branches:
Dungeon (15/15)            Temple (1/1) D:5            Lair (6/6) D:8
  Swamp (4/4) Lair:4        Snake (4/4) Lair:2        Slime (0/5) Lair:5
    Orc (2/2) D:11            Elf (3/3) Orc:2        Vaults (5/5) D:13
  Crypt (0/3) Vaults:2     Depths (4/4) D:15            Zot (2/5) Depths:4
Desolation (visited)      Gauntlet (visited)

Altars:
Ashenzari
Cheibriados
Dithmenos
Elyvilon
Fedhas
Gozag
Hepliaklqana
Kikubaaqudgha
Makhleb
Nemelex Xobeh
Okawaru
Qazlal
Ru
Sif Muna
Trog
Uskayaw
Vehumet
Wu Jian
Xom
Yredelemnul
Zin
The Shining One
Beogh
Jiyva

Shops:
D:1 *   Orc:2 ?[(:   Snake:1 *   Snake:4 ([   Vaults:1 (   Vaults:2 [
Vaults:4 (   Vaults:5 (   Zot:1 *   Depths:4 *

Portals:
Hell: Depths:1 Depths:2 Depths:3 Depths:4
Abyss: Depths:3
Pandemonium: Depths:2
Ziggurat: Depths:1

Annotations:
Swamp:3 2 transporters, Melian's ghost, adept MiBe
Elf:2 3 runed translucent doors
Zot:1 3 runed translucent doors, exclusion: obsidian statue, Jatoec's ghost, legendary GnFi


Innate Abilities, Weirdness & Mutations

You are too large for most types of armour.
You have tough skin. (AC +1)


Message History

You hear a mighty clap of thunder!
The bolt of lightning misses the death cob.
The bolt of lightning hits the shadow dragon!!!
You kill the shadow dragon!
Vehumet accepts your kill.
You feel your power returning.
The shadow dragon scales are intact enough to wear.
The bolt of lightning hits the soul eater.
The soul eater is severely wounded.
The bolt of lightning hits the shadow dragon!!
The shadow dragon is heavily wounded.
You radiate an aura of cold.
The death cob is unaffected.
The soul eater is unaffected.
The shadow dragon is unaffected.
You hear a deafening roar!
You block the death cob's attack. x2; The death cob barely misses you.
The death cob hits you.
* * * LOW HITPOINT WARNING * * *
The death cob drains your vigour!
You feel as though you will be slow longer.
You take 1 damage, and have 36/244 hp.
Casting: Lightning Bolt (safe; 1% risk of failure)
Confirm with . or Enter, or press ? or * to list all spells.
Aiming: Lightning Bolt (safe; 1% risk of failure)
Press: ? - help, Shift-Dir - straight line, f/p - shadow dragon
Aim: a shadow dragon (heavily wounded, 68% to hit)
You hear a mighty clap of thunder!
The bolt of lightning hits the death cob!
The death cob is severely damaged.
The bolt of lightning hits the soul eater!!
You kill the soul eater!
Vehumet accepts your kill.
You feel your power returning.
The bolt of lightning hits the shadow dragon!!!
The shadow dragon is severely wounded.
You radiate an aura of cold.
The death cob is unaffected.
The shadow dragon is unaffected.
You block the death cob's attack. The death cob hits you!!
* * * LOW HITPOINT WARNING * * *
The death cob hits you!
You die...

,,,,,*,* *,,,,,***,,,, ,,,,,*,*
*,,,,,,***,,, ,,,,,*,*
****##.,***,, ,,,,,*,*
*###.D#,,**,, ,,,,,*,*
*#..3...*,,,,* ,,^,,***
*.......*,,,*, ,,,,,####*
*......#*,,***
,,,,,....#*#########......#*,,**,
,,,,,.....##.#.(@z[D......#*,,,,,
,,,,,......#...######....##******
,**,,.......#.## **####
,**,,........## ,***,.........##
,***,..........##
,,**,...........##
,,***............##
,,,**#............##


You could see a shadow dragon and a death cob.

Vanquished Creatures
  Mennas (Depths:4)
  Xtahua (Vaults:3)
  3 caustic shrikes (Depths:2)
  5 golden dragons
  the Enchantress (Depths:3)
  A bone dragon (Depths:4)
  An electric golem (Depths:4)
  7 tentacled monstrosities
  2 deep elf blademasters (Elf:3)
  7 titans
  A walking divine tome (Depths:4)
  A quicksilver dragon (Zot:2)
  2 liches (Depths:2)
  Gastronok (Lair:2)
  The ghost of Wyry the Warrior, an adept FoFi of Okawaru (Depths:4)
  4 deep elf master archers (Elf:3)
  7 sphinxes
  5 death cobs
  3 thorn hunters (Depths:3)
  6 shadow dragons
  8 tengu reavers
  13 storm dragons
  Roxanne (Swamp:4)
  12 fire giants
  2 daevas (Depths:1)
  3 iron dragons
  10 frost giants
  4 nagarajas (Snake:4)
  7 deep elf sorcerers
  2 draconian knights
  14 vault wardens
  Aizul (Elf:3)
  2 imperial myrmidons (Desolation)
  2 ghost moths (Zot:1)
  4 spectral caustic shrikes (Depths:3)
  2 orc warlords
  4 deep elf elementalists (Elf:3)
  4 draconian annihilators (Zot:1)
  2 draconian shifters (Zot:1)
  Louise (Swamp:2)
  13 ironbound preservers
  4 spriggan defenders
  4 vampire knights
  14 very ugly things
  5 war gargoyles
  A draconian stormcaller (Depths:4)
  7 ironbound thunderhulks
  14 stone giants
  2 eleionomae
  10 deep elf demonologists
  2 black draconians
  9 deep elf annihilators
  7 purple draconians
  A demonspawn black sun (D:13)
  5 entropy weavers
  2 white draconians
  2 yellow draconians (Zot:1)
  6 green draconians
  2 bunyips
  32 dire elephants
  5 red draconians
  An eidolon (Vaults:2)
  A halazid warlock (Desolation)
  9 fire dragons
  A minotaur (Gauntlet)
  4 spark wasps (Depths:2)
  19 ettins
  2 deep elf death magi (Elf:3)
  10 ragged hierophants (Desolation)
  3 jiangshi (Depths:2)
  Josephine (Swamp:1)
  6 crystal guardians
  20 yaktaur captains
  6 great orbs of eyes
  4 deep elf high priests
  8 ice dragons
  11 naga warriors
  5 rakshasas
  28 hydras
  2 salamander tyrants (Snake:4)
  27 vault guards
  7 servants of whispers (Desolation)
  11 spriggan air magi
  4 catoblepae (Lair:6)
  15 centaur warriors
  8 peacekeepers
  3 boulder beetles
  A ghost crab (Swamp:1)
  11 anacondas
  8 ironbound frosthearts
  3 death knights
  10 death yaks
  A two-headed ogre (shapeshifter) (Elf:1)
  18 dancing weapons
  8 deep troll shamans
  5 two-headed ogres
  9 alligators
  5 tengu warriors
  4 deep troll earth magi (Depths:4)
  7 shock serpents
  An orc high priest (Orc:1)
  5 vampire magi
  12 naga sharpshooters
  9 spriggan berserkers
  Urug (Lair:2)
  3 sun demons
  7 spriggans
  Nergalle (Lair:2)
  9 hell knights
  8 iron trolls
  5 wretched stars (D:15)
  8 deep elf knights
  2 soul eaters (Zot:2)
  A fire crab (shapeshifter) (D:13)
  3 skeletal warriors
  A salamander mystic (Snake:1)
  2 shadow wraiths
  54 deep trolls
  6 goliath frogs
  2 cherubim (D:15)
  12 naga ritualists
  A flayed ghost (Depths:2)
  3 sea snakes (Snake:1)
  5 spriggan druids
  9 deep elf archers
  7 glowing orange brains
  14 swamp dragons
  5 wizards
  10 phantasmal warriors
  4 bog bodies
  13 ironbound convokers
  25 deep elf pyromancers
  An oklob plant (Lair:5)
  11 mana vipers
  5 necromancers
  A cyclops (shapeshifter) (Vaults:4)
  3 harpies (Vaults:1)
  5 lindwurms
  9 orc knights
  17 deep elf zephyrmancers
  A faun (shapeshifter) (Vaults:5)
  4 wolf spider zombies (D:12)
  28 ugly things
  An orc sorcerer (D:15)
  3 cyclopes
  10 salamanders
  3 will-o-the-wisps
  3 manticores
  25 elephants
  3 human skeletons (Vaults:4)
  A salamander (shapeshifter) (D:13)
  5 guardian serpents
  An elf zombie (Vaults:4)
  16 naga magi
  9 moths of wrath
  17 vault sentinels
  An ice statue (Gauntlet)
  Maurice (D:9)
  2 molten gargoyles (Desolation)
  44 black mambas
  2 gargoyles
  A water nymph (shapeshifter) (Vaults:5)
  8 cane toads
  5 rime drakes
  An unseen horror (D:11)
  2 torpor snails
  A yaktaur (shapeshifter) (Vaults:5)
  48 yaktaurs
  4 efreet
  2 hellwings (Gauntlet)
  12 komodo dragons
  A tengu conjurer (Depths:2)
  3 freezing wraiths
  A yaktaur skeleton (Vaults:4)
  A polar bear (Lair:4)
  4 bloated husks
  10 trolls
  3 tarantellas
  2 merfolk (shapeshifter)
  7 tyrant leeches
  3 meliai (D:14)
  51 saltlings (Desolation)
  17 blink frogs
  7 hornets
  A tarantella (shapeshifter) (D:13)
  A blink frog (shapeshifter) (Elf:2)
  34 slime creatures
  A jumping spider (shapeshifter) (D:13)
  2 jumping spiders (Vaults:4)
  2 air elementals (Elf:2)
  A shadow (D:11)
  A culicivora (Vaults:2)
  7 water elementals
  9 wraiths
  3 small abominations (D:13)
  60 yaks
  A fire elemental (Elf:1)
  5 wyverns
  3 redbacks
  4 basilisks
  13 vampire mosquitoes
  7 wargs
  14 swamp worms
  9 water moccasins
  48 nagas
  A floating eye (Depths:2)
  2 black bears (D:5)
  33 orc warriors
  A black bear (shapeshifter) (Depths:3)
  11 swamp drakes (Swamp:4)
  2 ice beasts (D:7)
  6 ogres
  3 wolves (Lair:5)
  22 centaurs
  A phantom (D:11)
  10 bullfrogs
  A wyvern zombie (D:6)
  A scorpion (D:4)
  An earth elemental (Elf:3)
  2 troll zombies (D:11)
  6 killer bees
  4 electric eels
  2 howler monkeys
  9 centaur zombies
  A bullfrog zombie (D:6)
  2 hounds (D:6)
  9 orc priests
  3 bullfrog skeletons (D:6)
  An iron imp (D:10)
  3 iguanas
  19 orc wizards
  6 ogre zombies (D:11)
  Robin (D:2)
  2 gnolls (D:4)
  10 adders
  3 shadow imps
  2 ufetubi
  2 adder skeletons (D:4)
  A worm (D:3)
  3 dart slugs
  74 orcs
  6 ball pythons
  6 endoplasms
  2 giant cockroaches
  23 goblins
  7 hobgoblins
  3 jackals (D:1)
  2 quokkas
  6 bats
  6 frilled lizards
  2 goblin skeletons (D:11)
  A goblin zombie (D:11)
  A hobgoblin skeleton (D:11)
  6 hobgoblin zombies (D:11)
  10 kobolds
  An orc skeleton (D:11)
  14 orc zombies (D:11)
  6 rats
  37 briar patches (Depths:3)
1910 creatures vanquished.

Vanquished Creatures (collateral kills)
  An ugly thing (Vaults:1)
  2 basilisks (D:8)
  2 centaurs
  A kobold brigand (D:9)
  2 orc priests
  An orc wizard (D:5)
  5 gnolls
  An ufetubus (D:6)
  4 orcs
  A kobold (D:9)
20 creatures vanquished.

Vanquished Creatures (others)
  Margery (Vaults:5)
  Nikola (Swamp:1)
  A naga mage (Snake:4)
  A bloated husk (Swamp:1)
  A large abomination (D:13)
  A spriggan (Swamp:2)
  A small abomination (D:13)
  An orc (Orc:2)
  3 ball lightnings (Depths:4)
  4 foxfires
  22 fungi
  6 pillars of salt
  80 plants
  4 withered plants (Desolation)
127 creatures vanquished.

Grand Total: 2057 creatures vanquished

Notes
Turn   | Place    | Note
-------+----------+-------------------------------------------
     0 | D:1      | gimp the Ogre Hedge Wizard began the quest for the Orb.
     0 | D:1      | Reached XP level 1. HP: 16/16 MP: 5/5
    39 | D:1      | Reached skill level 1 in Conjurations
    39 | D:1      | Reached skill level 1 in Summonings
   119 | D:1      | Reached XP level 2. HP: 4/24 MP: 0/6
  1110 | D:1      | Reached XP level 3. HP: 31/31 MP: 4/8
  1230 | D:1      | Found Kouf's Assorted Antiques.
  1487 | D:2      | Reached skill level 4 in Spellcasting
  1490 | D:2      | Learned a level 2 spell: Call Imp
  1494 | D:2      | Learned a level 3 spell: Mephitic Cloud
  1496 | D:2      | Learned a level 1 spell: Slow
  1589 | D:2      | Found a faded altar of an unknown god.
  1968 | D:2      | Reached XP level 4. HP: 39/39 MP: 3/10
  2602 | D:2      | Reached XP level 5. HP: 32/45 MP: 3/11
  2937 | D:2      | Noticed an ogre
  2957 | D:2      | Killed an ogre
  3051 | D:2      | Reached XP level 6. HP: 53/53 MP: 11/13
  3156 | D:3      | Noticed Robin
  3173 | D:2      | Killed Robin
  3174 | D:2      | Reached skill level 5 in Spellcasting
  3569 | D:1      | Bought a brightly glowing robe for 108 gold pieces
  3569 | D:1      | Identified the +0 robe of Noughts and Crosses {Will+ rCorr
                  | Stlth+} (You bought it in a shop on level 1 of the Dungeon)
  4855 | D:4      | Reached skill level 1 in Air Magic
  4855 | D:4      | Reached skill level 1 in Poison Magic
  4931 | D:4      | Reached XP level 7. HP: 59/59 MP: 7/15
  5194 | D:4      | Reached skill level 5 in Conjurations
  5657 | D:4      | Found an opulent altar of Gozag.
  5720 | D:4      | Found a blossoming altar of Fedhas.
  5987 | D:5      | Entered Level 5 of the Dungeon
  6061 | D:5      | Found an ornate altar of the Wu Jian Council.
  6091 | D:5      | Reached skill level 6 in Spellcasting
  6423 | D:5      | Reached XP level 8. HP: 24/67 MP: 8/17
  6895 | D:5      | Found a glowing golden altar of the Shining One.
  7367 | D:5      | Found a staircase to the Ecumenical Temple.
  7376 | Temple   | Entered the Ecumenical Temple
  7507 | D:5      | Found a sparkling altar of Nemelex Xobeh.
  7513 | D:5      | Found a radiant altar of Vehumet.
  7516 | D:5      | Found a basalt altar of Yredelemnul.
  7523 | D:5      | Became a worshipper of Vehumet
  7891 | D:6      | Reached skill level 7 in Spellcasting
  8575 | D:6      | Reached skill level 8 in Spellcasting
  8834 | D:6      | Reached XP level 9. HP: 50/74 MP: 14/21
  9293 | D:7      | Found a stormy altar of Qazlal.
 10794 | D:7      | Found an ancient bone altar of Kikubaaqudgha.
 10896 | D:8      | Noticed an elephant
 10939 | D:8      | Learned a level 2 spell: Static Discharge
 10956 | D:8      | Reached skill level 9 in Spellcasting
 11179 | D:8      | Found a staircase to the Lair.
 11719 | D:8      | Killed an elephant
 11998 | D:8      | Found a sacrificial altar of Ru.
 12134 | D:8      | Reached skill level 10 in Spellcasting
 12186 | D:8      | Reached * piety under Vehumet
 12186 | D:8      | Offered knowledge of Foxfire by Vehumet.
 12840 | D:9      | Identified a scroll of acquirement
 12840 | D:9      | Acquired the amulet "Giziuress" {RegenMP Int+4}
 12958 | D:9      | Found a glowing silver altar of Zin.
 13031 | D:9      | Reached XP level 10. HP: 81/81 MP: 18/24
 13050 | D:9      | Noticed a two-headed ogre
 13084 | D:9      | HP: 4/81 [two-headed ogre (20)]
 13773 | D:9      | Noticed Maurice
 13793 | D:9      | Killed Maurice
 13981 | D:10     | Entered Level 10 of the Dungeon
 13981 | D:10     | Noticed a gargoyle
 14093 | D:9      | Killed a two-headed ogre
 14094 | D:9      | Reached skill level 11 in Spellcasting
 14191 | D:10     | Killed a gargoyle
 14269 | D:10     | Noticed a two-headed ogre
 14359 | D:10     | Noticed a two-headed ogre
 14438 | D:10     | Killed a two-headed ogre
 14443 | D:10     | Noticed a two-headed ogre
 14448 | D:10     | Killed a two-headed ogre
 14531 | D:10     | Killed a two-headed ogre
 14532 | D:10     | Reached skill level 5 in Evocations
 14532 | D:10     | Reached XP level 11. HP: 38/88 MP: 24/26
 14778 | D:10     | Learned a level 5 spell: Lightning Bolt
 14783 | D:10     | Found a snail-covered altar of Cheibriados.
 15124 | D:10     | Noticed a two-headed ogre
 15137 | D:10     | Killed a two-headed ogre
 15138 | D:10     | Reached skill level 10 in Conjurations
 15166 | D:10     | Found a hide-covered altar of Uskayaw.
 15212 | D:11     | Noticed a cyclops
 15219 | D:11     | Killed a cyclops
 15220 | D:11     | Reached skill level 1 in Fighting
 15523 | D:11     | Reached ** piety under Vehumet
 15523 | D:11     | Offered knowledge of Poisonous Vapours by Vehumet.
 16628 | D:11     | Found a portal to a secret trove of treasure.
 16903 | D:11     | Offered knowledge of Stone Arrow by Vehumet.
 16909 | D:11     | Learned a level 3 spell: Stone Arrow
 17115 | D:11     | Found a staircase to the Orcish Mines.
 17303 | D:12     | Reached *** piety under Vehumet
 17304 | D:12     | Reached skill level 5 in Fighting
 17304 | D:12     | Reached skill level 1 in Earth Magic
 17348 | D:12     | Noticed a deep elf pyromancer
 17391 | Orc:1    | Entered Level 1 of the Orcish Mines
 17537 | Orc:1    | Offered knowledge of Sticky Flame by Vehumet.
 17641 | Orc:1    | Reached XP level 12. HP: 111/111 MP: 21/27
 17641 | Orc:1    | Noticed an orc warlord
 17757 | Orc:1    | Killed an orc warlord
 17844 | Orc:1    | Noticed an orc high priest
 17849 | Orc:1    | Noticed a soul eater
 17850 | Orc:1    | Noticed a sun demon
 17852 | Orc:1    | Killed an orc high priest
 17852 | Orc:1    | Reached **** piety under Vehumet
 17863 | Orc:1    | Offered knowledge of Iskenderun's Battlesphere by Vehumet.
 18357 | Orc:2    | Entered Level 2 of the Orcish Mines
 18608 | Orc:2    | Found a staircase to the Elven Halls.
 18787 | Orc:2    | Noticed a centaur warrior
 19390 | Orc:2    | Found Siojy's Antique Armour Shoppe.
 19390 | Orc:2    | Found Kedwaul's Weapon Boutique.
 19392 | Orc:2    | Found Diton's Book Shop.
 19394 | Orc:2    | Found Ygu Jucu's Magic Scroll Emporium.
 19406 | Orc:2    | Bought a scroll of teleportation for 48 gold pieces
 19406 | Orc:2    | Bought a scroll of teleportation for 48 gold pieces
 19406 | Orc:2    | Bought a scroll of teleportation for 48 gold pieces
 19406 | Orc:2    | Bought 2 scrolls of fear for 112 gold pieces
 19552 | Orc:2    | Reached skill level 12 in Spellcasting
 19593 | Orc:2    | Killed a centaur warrior
 19603 | Orc:2    | Reached ***** piety under Vehumet
 19677 | Orc:2    | Offered knowledge of Spellforged Servitor by Vehumet.
 19678 | Orc:2    | Reached skill level 5 in Dodging
 20236 | Orc:1    | Reached skill level 5 in Earth Magic
 20268 | Orc:1    | Noticed an ettin
 20298 | Orc:1    | Killed an ettin
 20299 | Orc:1    | Reached XP level 13. HP: 90/118 MP: 12/29
 20525 | Lair:1   | Entered Level 1 of the Lair of Beasts
 21096 | Lair:1   | Found a shimmering blue altar of Sif Muna.
 21476 | Lair:2   | Found a staircase to the Snake Pit.
 21617 | Lair:2   | Noticed Nergalle
 21633 | Lair:2   | Killed Nergalle
 21744 | Lair:2   | Reached skill level 13 in Spellcasting
 21803 | Lair:2   | Noticed Urug
 21810 | Lair:2   | Killed Urug
 21881 | Lair:2   | Noticed Gastronok
 21900 | Lair:2   | Killed Gastronok
 22627 | Lair:3   | Identified the +6 morningstar "Fyliuk" {drain, rElec Int+3
                  | SInv}
 22639 | Lair:3   | Reached XP level 14. HP: 127/127 MP: 21/31
 22962 | Lair:3   | Found the +4 skin of Zhor {*Englaciate rC+++ SInv}
 22988 | Lair:3   | Offered knowledge of Olgreb's Toxic Radiance by Vehumet.
 23252 | Lair:4   | Found a gate leading to a gauntlet.
 23261 | Gauntlet | Entered a Gauntlet
 23261 | Gauntlet | Found a transporter.
 23261 | Gauntlet | Found a transporter.
 23274 | Gauntlet | Found a transporter.
 23290 | Gauntlet | Found a transporter.
 23290 | Gauntlet | Found a transporter.
 23293 | Gauntlet | Found a transporter.
 23293 | Gauntlet | Found a transporter.
 23294 | Gauntlet | Found a transporter.
 23306 | Gauntlet | Found a transporter.
 23306 | Gauntlet | Noticed a reaper
 23320 | Gauntlet | Noticed a storm dragon
 23320 | Gauntlet | a five-headed hydra changed into a storm dragon
 23322 | Gauntlet | Found a transporter.
 23325 | Gauntlet | Noticed an emperor scorpion
 23325 | Gauntlet | a storm dragon changed into an emperor scorpion
 23326 | Gauntlet | an emperor scorpion changed into a minotaur
 23332 | Gauntlet | Found a transporter.
 23346 | Gauntlet | Found a transporter.
 23367 | Gauntlet | Found a transporter.
 23368 | Gauntlet | Found a runed translucent door.
 23382 | Gauntlet | Found a transporter.
 23485 | Gauntlet | Reached skill level 14 in Spellcasting
 23485 | Gauntlet | Reached skill level 10 in Evocations
 23537 | Gauntlet | Noticed a broodmother
 23537 | Gauntlet | a fire dragon changed into a broodmother
 23541 | Gauntlet | a broodmother changed into a radroach
 23659 | Gauntlet | Noticed an entropy weaver
 23659 | Gauntlet | a bunyip changed into an entropy weaver
 23674 | Gauntlet | Noticed a ghost moth
 23674 | Gauntlet | an entropy weaver changed into a ghost moth
 23805 | Gauntlet | Identified the amulet of the Ban {Contam Harm Will- Regen+
                  | Int+6}
 23810 | Gauntlet | HP: 4/127 [reaper (27)]
 23997 | Gauntlet | Noticed a storm dragon
 24036 | Gauntlet | Noticed an azure jelly
 24036 | Gauntlet | a catoblepas changed into an azure jelly
 24085 | Gauntlet | Noticed a frost giant
 24124 | Gauntlet | a frost giant changed into an alligator snapping turtle
 24134 | Gauntlet | Noticed a fire giant
 24134 | Gauntlet | an alligator snapping turtle changed into a fire giant
 24155 | Gauntlet | Noticed a quicksilver ooze
 24155 | Gauntlet | a bunyip changed into a quicksilver ooze
 24165 | Gauntlet | Noticed a frost giant
 24165 | Gauntlet | a fire giant changed into a frost giant
 24177 | Gauntlet | a quicksilver ooze changed into a boulder beetle
 24203 | Gauntlet | Noticed an iron dragon
 24203 | Gauntlet | a frost giant changed into an iron dragon
 24206 | Gauntlet | Noticed an eleionoma
 24207 | Gauntlet | an eleionoma changed into a minotaur
 24241 | Gauntlet | Identified the ring "Lynofapp" {Fly rF- rN++ AC+4}
 24273 | Gauntlet | Identified the +1 robe "Ysit" {Rampage Regen+ rCorr Dex-2}
 24274 | Gauntlet | Got the Tome of Doomed Displacement
 24467 | Lair:4   | Found a staircase to the Swamp.
 25641 | Lair:5   | Learned a level 4 spell: Olgreb's Toxic Radiance
 25766 | Lair:5   | Found a basalt altar of Yredelemnul.
 26316 | Lair:5   | Found a staircase to the Slime Pits.
 26317 | Lair:5   | Found a viscous altar of Jiyva.
 26811 | Lair:6   | Entered Level 6 of the Lair of Beasts
 27244 | Lair:6   | Reached XP level 15. HP: 133/133 MP: 27/33
 27341 | Lair:6   | Reached skill level 10 in Dodging
 29488 | D:12     | Learned a level 6 spell: Iron Shot
 30138 | D:12     | Found a basalt altar of Yredelemnul.
 30748 | D:13     | Offered knowledge of Conjure Ball Lightning by Vehumet.
 31831 | D:13     | Found a gate to the Vaults.
 32214 | D:13     | Got the Compendium of The Black Sun
 32991 | D:14     | Reached XP level 16. HP: 141/141 MP: 16/34
 33772 | D:14     | Offered knowledge of Eringya's Noxious Bog by Vehumet.
 33848 | D:15     | Entered Level 15 of the Dungeon
 35182 | D:15     | Reached skill level 15 in Conjurations
 35361 | D:15     | Found the +1 cloak of Starlight {*Dazzle EV+4 Stlth--}
 35587 | D:15     | Found a staircase to the Depths.
 35636 | D:15     | Found a bloodstained altar of Trog.
 36159 | Orc:2    | Bought a glowing hat for 133 gold pieces
 36374 | Swamp:1  | Entered Level 1 of the Swamp
 36408 | Swamp:1  | Reached skill level 10 in Earth Magic
 36520 | Swamp:1  | Noticed Josephine
 36526 | Swamp:1  | Killed Josephine
 36629 | Swamp:1  | Identified the +6 war axe of Fatwid {flame, *Slow rF+ rCorr
                  | Str+3}
 36762 | Swamp:1  | Noticed Nikola
 36779 | Swamp:1  | Killed Nikola
 36929 | Swamp:1  | Reached skill level 15 in Spellcasting
 37439 | Swamp:2  | Offered knowledge of Irradiate by Vehumet.
 37449 | Swamp:2  | Reached XP level 17. HP: 64/149 MP: 13/36
 37522 | Swamp:2  | Learned a level 5 spell: Irradiate
 37922 | Swamp:2  | Reached skill level 1 in Transmutations
 38431 | Swamp:2  | Noticed Louise
 38443 | Swamp:2  | Killed Louise
 39081 | Swamp:3  | Found a bloodstained altar of Trog.
 39083 | Swamp:3  | Found a transporter.
 39084 | Swamp:3  | Noticed Melian's ghost (adept MiBe)
 39085 | Swamp:3  | Identified the ring "Itegushru" {rF+ rCorr Dex+3 Slay+2}
 39166 | Swamp:3  | Found a transporter.
 39205 | Swamp:3  | Identified the +9 hunting sling "Amucig" {speed, rPois rC-
                  | Str+6}
 39238 | Swamp:3  | Reached skill level 16 in Spellcasting
 39295 | Swamp:3  | Noticed a tentacled monstrosity
 39299 | Swamp:3  | Killed a tentacled monstrosity
 39914 | Swamp:4  | Entered Level 4 of the Swamp
 40093 | Swamp:4  | Noticed a tentacled monstrosity
 40098 | Swamp:4  | Killed a tentacled monstrosity
 40302 | Swamp:4  | Reached skill level 5 in Transmutations
 40406 | Swamp:4  | Identified Roxanne's Tome of the Rocks
 40406 | Swamp:4  | Noticed Roxanne
 40921 | Swamp:4  | Reached skill level 17 in Spellcasting
 41122 | Swamp:4  | Got a decaying rune of Zot
 41224 | Swamp:4  | Killed Roxanne
 41388 | Snake:1  | Entered Level 1 of the Snake Pit
 42022 | Snake:1  | Reached XP level 18. HP: 157/157 MP: 19/39
 42230 | Snake:1  | Found Ystroin's General Store.
 42237 | Snake:1  | Bought a potion of haste for 190 gold pieces
 42237 | Snake:1  | Bought a potion of curing for 57 gold pieces
 42282 | Snake:1  | Offered knowledge of Lee's Rapid Deconstruction by Vehumet.
 43237 | Snake:1  | Reached skill level 1 in Shields
 43585 | Snake:2  | Reached skill level 18 in Spellcasting
 45360 | Snake:3  | Offered knowledge of Starburst by Vehumet.
 45366 | Snake:3  | Reached skill level 5 in Shields
 46343 | Snake:4  | Entered Level 4 of the Snake Pit
 46625 | Snake:4  | Found Ofaiboru's Antique Armour Shoppe.
 46701 | Snake:4  | Reached skill level 19 in Spellcasting
 47556 | Snake:4  | Found Kirih's Weapon Boutique.
 47935 | Snake:4  | Reached XP level 19. HP: 163/163 MP: 26/42
 48722 | Snake:4  | Got a serpentine rune of Zot
 49077 | Vaults:1 | Entered Level 1 of the Vaults
 49160 | Vaults:1 | Reached skill level 20 in Spellcasting
 49161 | Vaults:1 | Reached ****** piety under Vehumet
 49162 | Vaults:1 | Offered knowledge of Fire Storm by Vehumet.
 49162 | Vaults:1 | Offered knowledge of Chain Lightning by Vehumet.
 49162 | Vaults:1 | Offered knowledge of Ignition by Vehumet.
 49178 | Vaults:1 | Found Juptypobb's Antique Weapon Emporium.
 49241 | Vaults:1 | Found a crumbling gateway.
 49433 | Desolati | Entered the Desolation of Salt
 50085 | Desolati | Identified the +2 robe of Duty {Harm rPois rC- Archmagi}
 50088 | Desolati | Got the Reference Book on Bewitching Companions
 50104 | Desolati | Reached skill level 10 in Shields
 50996 | Desolati | Got the Reference Book on the Poisonous Rocks
 51244 | Desolati | Got the Compendium of Freezing Earth
 51259 | Desolati | Got Ukkut's Incunabulum of Moulding and the Glacier
 51278 | Desolati | Learned a level 7 spell: Ozocubu's Refrigeration
 51334 | Vaults:1 | Reached skill level 1 in Ice Magic
 51856 | Vaults:1 | Reached XP level 20. HP: 115/172 MP: 9/44
 52331 | Vaults:1 | Reached skill level 5 in Ice Magic
 53578 | Vaults:2 | HP: 7/172 [yaktaur captain/bolt (23)]
 54311 | Vaults:2 | Found Nugomawn's Antique Armour Shop.
 54320 | Vaults:2 | Bought an embroidered scarf for 272 gold pieces
 55182 | Vaults:2 | Found a staircase to the Crypt.
 57168 | Vaults:3 | Reached XP level 21. HP: 179/179 MP: 42/45
 57175 | Vaults:3 | Reached skill level 10 in Ice Magic
 57685 | Vaults:3 | You fall into a shaft and drop 1 floor!
 57685 | Vaults:4 | Found Iquxaoc's Antique Weapon Emporium.
 57693 | Vaults:4 | Bought a smoking spear for 336 gold pieces
 57693 | Vaults:4 | Identified the +8 spear of Indomitability {vorpal, *Noise
                  | rElec rPois rF+++} (You bought it in a shop on level 4 of
                  | the Vaults)
 57852 | Vaults:3 | Noticed Xtahua
 57942 | Vaults:3 | Killed Xtahua
 60930 | Elf:1    | Entered Level 1 of the Elven Halls
 61750 | Elf:1    | Identified the +3 trident of Cibret {protect, *Rage Str+5
                  | Dex+4}
 62079 | Elf:1    | Reached XP level 22. HP: 160/187 MP: 26/46
 62487 | Elf:2    | Found a runed translucent gate.
 62488 | Elf:2    | Found a runed translucent gate.
 62488 | Elf:2    | Found a runed translucent gate.
 62516 | Elf:2    | Reached skill level 15 in Shields
 62576 | Elf:2    | Learned a level 2 spell: Blink
 62755 | Elf:2    | Paralysed by an air elemental for 1 turns
 62757 | Elf:2    | Identified the ring of Xom's Best Wishes {Will+ MP+9}
 62844 | Elf:2    | Found a shimmering blue altar of Sif Muna.
 62930 | Elf:3    | Entered Level 3 of the Elven Halls
 62943 | Elf:2    | Found a radiant altar of Vehumet.
 64560 | Elf:3    | Identified the +2 leather armour of the Robin {rC- rN+
                  | Regen+ Dex+2}
 64614 | Elf:3    | Identified the +1 great mace "Ziwu Ilo" {elec, rPois Int+2}
 64614 | Elf:3    | Identified the ring "Ronyukh" {rF++ rC+ rN+ Str+6 Int-3}
 65045 | Elf:3    | Reached skill level 15 in Ice Magic
 65260 | Elf:3    | Noticed Aizul
 65268 | Elf:3    | Killed Aizul
 65394 | Elf:3    | Got the Grimoire of Hurtful Ice
 65426 | Elf:3    | Identified the +2 pair of gloves of Complete Protection
                  | {Int-5 Dex+4}
 65428 | Elf:3    | Got the Handbook of Creative Arcane Weapons
 65434 | Elf:3    | Identified the +3 fire dragon scales of Aru Ebuff {-Tele
                  | Rampage rF++ rC- MP+9 Int+4 Dex+4}
 65536 | Elf:3    | Identified the +3 hunting sling of Soocesoyg {vorpal,
                  | Fragile rPois rF+ rC+}
 65798 | Depths:1 | Entered Level 1 of the Depths
 65936 | Depths:1 | Found a shadowy altar of Dithmenos.
 66136 | Depths:1 | Reached skill level 5 in Air Magic
 66463 | Depths:1 | Learned a level 1 spell: Apportation
 66485 | Depths:1 | Found a one-way gateway to a ziggurat.
 67063 | Depths:1 | Found a gateway to Hell.
 67435 | Depths:2 | Found a one-way gate leading to the halls of Pandemonium.
 67447 | Depths:2 | Reached XP level 23. HP: 186/195 MP: 1/47
 68028 | Depths:2 | Found a basalt altar of Yredelemnul.
 68028 | Depths:2 | Found a sparkling altar of Nemelex Xobeh.
 68029 | Depths:2 | Found a glowing golden altar of the Shining One.
 68175 | Depths:2 | Noticed a golden dragon
 68181 | Depths:2 | Killed a golden dragon
 68263 | Depths:2 | Reached skill level 10 in Air Magic
 68379 | Depths:2 | Noticed a caustic shrike
 68384 | Depths:2 | Killed a caustic shrike
 68696 | Depths:2 | Noticed a caustic shrike
 68710 | Depths:2 | Killed a caustic shrike
 68860 | Depths:2 | Noticed a golden dragon
 68867 | Depths:2 | Killed a golden dragon
 69009 | Depths:2 | Noticed a caustic shrike
 69014 | Depths:2 | Killed a caustic shrike
 69327 | Depths:2 | Learned a level 8 spell: Maxwell's Capacitive Coupling
 69503 | Depths:2 | Identified the +3 long sword "Barch" {venom, Str+5}
 69719 | Depths:3 | Found a one-way gate to the infinite horrors of the Abyss.
 69743 | Depths:3 | Learned a level 6 spell: Conjure Ball Lightning
 70335 | Depths:3 | Identified the +8 giant club "Vafer" {drain, rF++ Dex+5}
 70335 | Depths:3 | Identified the +10 giant club of War {vorpal, *Corrode
                  | Dex+7}
 70446 | Depths:3 | Found a radiant altar of Vehumet.
 70446 | Depths:3 | Noticed the Enchantress
 70450 | Depths:3 | Killed the Enchantress
 70451 | Depths:3 | Reached skill level 15 in Dodging
 70484 | Depths:3 | Identified the +2 hunting sling "Muit" {speed, rPois rF+
                  | Dex+4}
 71226 | Depths:4 | Entered Level 4 of the Depths
 71450 | Depths:4 | Reached XP level 24. HP: 169/208 MP: 47/47
 71698 | Depths:4 | Found a runed translucent door.
 71698 | Depths:4 | Found a shimmering altar of Xom.
 71698 | Depths:4 | Noticed Wyry's ghost (adept FoFi)
 71701 | Depths:4 | Identified the +10 rapier of Ustrucer {chaos, Fly rElec
                  | rPois}
 71974 | Depths:4 | Found Doamin's Elemental Accessories.
 71982 | Depths:4 | Bought a lightning rod (4/4) for 540 gold pieces
 72896 | Depths:4 | Noticed Mennas
 72902 | Depths:4 | Killed Mennas
 73432 | Depths:4 | Reached skill level 15 in Air Magic
 73573 | Depths:4 | Found a gate to the Realm of Zot.
 73930 | Depths:4 | Killed Wyry's ghost
 74371 | Vaults:5 | Entered Level 5 of the Vaults
 74375 | Vaults:5 | Reached skill level 10 in Fighting
 75752 | Vaults:5 | Identified the +2 pair of gloves of the Sea {Rampage rF+}
 75791 | Vaults:5 | Got a silver rune of Zot
 75956 | Vaults:5 | Noticed Margery
 75964 | Vaults:5 | Killed Margery
 75965 | Vaults:5 | Reached XP level 25. HP: 200/239 MP: 17/47
 76100 | Vaults:5 | Found Zelanw Ceirgh's Antique Weapon Emporium.
 76224 | Vaults:5 | Identified the +3 lajatang of Peril {drain, Str+6}
 77213 | Vaults:5 | Identified the +7 fustibalus "Doler" {flame, *Corrode
                  | Str+4}
 77216 | Vaults:5 | Identified the ring "Hikhev" {Will+++ rCorr MP-9 Str+3
                  | SInv}
 77952 | Zot:1    | Entered Level 1 of the Realm of Zot
 78012 | Zot:1    | Found a runed translucent gate.
 78093 | Zot:1    | Found a runed translucent gate.
 78095 | Zot:1    | Found an opulent altar of Gozag.
 78095 | Zot:1    | Found a runed translucent gate.
 78095 | Zot:1    | Found Qeud's Assorted Antiques.
 78097 | Zot:1    | Noticed a Killer Klown
 78098 | Zot:1    | Noticed Jatoec's ghost (legendary GnFi)
 78924 | Zot:1    | Identified the +5 scimitar "Durir" {vorpal, Contam rC+
                  | Str+9 Dex-4}
 80161 | D:11     | You paid a toll of +2 ice dragon scales to enter a treasure
                  | trove
 80162 | Trove    | Entered a treasure trove
 80164 | Trove    | Found the +18 shield of the Gong {rElec rN+ Will+ EV-5}
 80171 | Trove    | Identified the +0 robe of Qeevant {Regen+}
 80172 | Trove    | Identified the +1 robe of the Tarantula {rElec Will+ Str+4}
 80174 | Trove    | Identified the +3 kite shield of the Wasteland {-Cast rElec
                  | rPois rC+++}
 80176 | Trove    | Identified the +1 robe of Purpose {rF+ Int+5}
 80177 | Trove    | Identified the -12 tower shield of the Arcane {rF++}
 80187 | Trove    | Identified the +0 cloak of an ice cave {-Cast Rampage +Inv
                  | rF+}
 80900 | Zot:2    | HP: 11/244 [death cob (26)]
 80900 | Zot:2    | Slain by a death cob

Illustrated notes

Levels and vault maps discovered:
D:1:      onia_arrival_pyramid, layout_loops_corners, serial_shops,
          nicolae_shop_window_shopping
D:2:      layout_loops_ring, shapermc_ecumenical_altar_mp_highgroup,
          minmay_bisected
D:3:      layout_loops_cross, uniq_robin
D:4:      layout_basic, mainiacjoe_overflow_large_starburst, grunt_decor_cap
D:5:      layout_rooms, nicolae_wu_jian_glorious_leap,
          mainiacjoe_overflow_catwalk, minmay_overflow_temple_star_quad,
          lemuel_temple_firewalk_a, serial_glass, glass_columns_b,
          glass_columns_a
D:6:      layout_cave_pools, serial_bayou_lake_a
D:7:      layout_basic, nicolae_qazlal_style_of_elements,
          lemuel_zombie_altar_kikubaaqudgha, serial_co_window_serial,
          co_window_of_opportunity_a, co_window_paths_a, co_window_paths_a,
          co_window_paths_a, co_window_paths_a, co_window_paths_c,
          co_window_broadway_c, co_window_2corner, co_window_4corner_a,
          chequers_serial_rivers_room_b
D:8:      layout_basic, hangedman_ru_absence, david_lair_generic
D:9:      layout_long_grid, zin_treasury, minmay_misc_feat_doors, uniq_maurice
D:10:     layout_rooms, mainiacjoe_overflow_alcove_2, slow_altar_1
D:11:     layout_loops_cross, zombieorc2_lemuel, nicolae_trove_entry_crossroad
D:12:     layout_layer_cave, nicolae_yredelemnul_corpse_copse
D:13:     dreamdust_black_sun_cult, layout_basic, david_vaults_4
D:14:     layout_long_grid, minmay_staircase_statues_hall_small
D:15:     hangedman_depths_entry_civil_slaughter, layout_basic,
          trog_three_pillars_becter, nicolae_water_bricks, corexii_checkpoint_a,
          hellmonk_guarded_unrand_starlight
Temple:   jpeg_temple_island
Lair:1:   layout_regular_city, basic_altar, lemuel_fruit_tree
Lair:2:   layout_big_grid, minmay_snake_entry_guardpost_small,
          serial_bayou_shore_b, uniq_gastronok, uniq_nergalle, uniq_urug
Lair:3:   layout_regular_city, hellmonk_guarded_unrand_zhor, grunt_megastairs_5
Lair:4:   layout_cave_pods, swamp_mist, gauntlet_entry_generic,
          infiniplex_staircase_pool_2, grunt_megastairs_1
Lair:5:   layout_regular_city, slime_altar_1, serial_rivers,
          chequers_serial_rivers_room_a, chequers_serial_rivers_large_b,
          chequers_serial_rivers_micro_b, chequers_serial_rivers_small_3,
          chequers_serial_rivers_large_a, chequers_serial_rivers_small_a,
          lemuel_oklob_altar
Lair:6:   evilmike_catoblepas_cave, layout_small_grid,
          chequers_serial_rivers_micro_c, grunt_megastairs_3
Swamp:1:  layout_basic_swamp, hangedman_swamp_ruin_wall, swamp_pool2,
          uniq_josephine, uniq_nikola
Swamp:2:  layout_basic_swamp, nicolae_swamp_oxbows, uniq_louise
Swamp:3:  layout_falls_marsh, gammafunk_ghost_wrathful_warriors,
          evilmike_swamp_ruin_house_3
Swamp:4:  swamp, layout_basic_swamp, swamp_pool5, uniq_roxanne
Snake:1:  nicolae_snake_nest, layout_honeycomb, serial_shops,
          nicolae_shop_statue_plus, abandoned_shop, serial_bayou_shore_a
Snake:2:  layout_misc_corridors
Snake:3:  layout_onion_interference, nicolae_snake_coiling_death
Snake:4:  minmay_snake_end_coiled, layout_cave_town, serial_shops,
          nicolae_lakefront_shop, shop, guppyfry_library_mini
Orc:1:    minmay_goldmine, layout_caves, kennysheep_orc_chapel
Orc:2:    st_orc_rangers, layout_caves, minmay_orc_keep
Elf:1:    layout_geoelf_diagonals, kennysheep_underground_church
Elf:2:    nicolae_elf_blades_crystal_corner, layout_geoelf_octagon, basic_altar,
          small_statue_intersection, lemuel_upstairs_altar, uniq_saint_roka
Elf:3:    minmay_elf_hall_circle, layout_geoelf_diagonals, serial_sigils,
          serial_sigils_hangedman_clutch, serial_sigils_hangedman_stare,
          serial_sigils_hangedman_quiver, serial_sigils_hangedman_quiver,
          serial_sigils_hangedman_shear, uniq_aizul
Vaults:1: portal_desolation_entry_garden, vaults_mumra_minichess,
          nicolae_vaults_back_hallway, vaults_standard_mumra_enter_the_diamond,
          vaults_room_grunt_arrival_ludios, nicolae_vaults_network_s,
          st_lattice, vaults_standard_mumra_enter_the_diamond,
          layout_vaults_big_room, serial_shops, shop
Vaults:2: minmay_crypt_entry_simple_statues, nicolae_vaults_mini_display_case,
          hangedman_vaults_maws, hangedman_vaults_cutoff,
          nicolae_vaults_circle_grid_b, hangedman_vaults_capsules, v_misc_19,
          v_misc_11, layout_vaults_omnigrid, serial_shops,
          nicolae_lakefront_shop
Vaults:3: vaults_dpeg_encased_lava, vaults_room_corners, v_misc_27,
          hangedman_vaults_corner, v_misc_26, vaults_room_large_hall,
          nicolae_vaults_network_square, nicolae_vaults_little_ls,
          nicolae_vaults_network_quinsquares
          [nicolae_vaults_network_quincunx_subvault,
          nicolae_vaults_network_quincunx_subvault,
          nicolae_vaults_network_quincunx_subvault,
          nicolae_vaults_network_quincunx_subvault], layout_vaults_ring,
          uniq_xtahua
Vaults:4: nicolae_vaults_gold_heap, hangedman_vaults_trim,
          ontoclasm_vaults_idyll, v_misc_28, ontoclasm_vaults_fault,
          nicolae_vaults_three_branches, vaults_mumra_hexcomb, v_misc_5,
          grunt_vaults_trifunnel, v_alt_pattern_4, v_misc_22,
          vaults_dpeg_diagonal, v_misc_22, v_misc_13, layout_vaults_maze,
          serial_shops, nicolae_shop_crystal
Vaults:5: serial_shops, uniq_margery
Depths:1: layout_gridlike, enter_ziggurat_d,
          nicolae_concentric_dashed_squares_mild, hangedman_geh_valley,
          grunt_dithmenos_smoke_and_mirrors, grunt_megastairs_2
Depths:2: hangedman_slaughterboxes, pan_entry, hell_entry
Depths:3: grunt_forest_end_shrine, layout_honeycomb, abyss_entry,
          pf_hell_entry_tar_river, hangedman_abyss_or_decor_jellyfish_corner,
          fountainhead, serial_bayou_shore_b
Depths:4: grunt_zot_entry_gee_three, layout_basic, ebering_ghost_xom,
          hell_entry, minmay_misc_feat_room, grunt_ministairs_12,
          nicolae_elemental_shop, uniq_mennas
Zot:1:    layout_basic, ebering_ghost_gozag, st_stairs_9, grunt_ministairs_14,
          hangedman_snake_sidewinding
Zot:2:    hangedman_snap_crack_crunch, layout_onion_interference

Skill      XL: |  1  2  3  4  5  6  7  8  9 10 11 12 13 14 15 16 17 18 19 20 21 22 23 24 25 |
---------------+----------------------------------------------------------------------------+-----
Conjurations   | 1 2 3 4 5 6 8 9 11 12 14 15 | 15.0
Summonings     | 1 2 |  2.0
Spellcasting   | 4 5 6 8 10 11 12 13 14 15 17 19 20 | 20.1
Air Magic      | 1 2 3 8 13 16 19 | 19.1
Poison Magic   | 1 2 3 |  3.0
Evocations     | 5 7 8 9 11 | 11.0
Fighting       | 5 6 12 13 | 13.0
Earth Magic    | 2 5 6 7 11 | 11.0
Dodging        | 2 5 7 9 11 13 15 | 15.0
Transmutations | 7 8 |  8.0
Shields        | 7 11 13 14 15 | 15.0
Ice Magic      | 3 9 13 15 | 15.0
Stealth        | |  1.4
Translocations | |  0.8

Action                   |  1- 3 |  4- 6 |  7- 9 | 10-12 | 13-15 | 16-18 | 19-21 | 22-24 | 25-27 || total
-------------------------+-------+-------+-------+-------+-------+-------+-------+-------+-------++-------
Melee: Dagger            |    33 |     7 |     3 |       |       |       |       |       |       ||    43
       Whip              |       |       |    55 |    62 |    27 |       |       |       |       ||   144
       Punch             |       |       |     1 |       |     2 |       |       |       |       ||     3
       Morningstar       |       |       |       |       |    24 |    28 |    49 |       |       ||   101
       Spear             |       |       |       |       |       |       |    39 |    53 |    32 ||   124
 Cast: Magic Dart        |    72 |   144 |   303 |   205 |       |     2 |       |       |       ||   726
       Call Imp          |       |    17 |    17 |    18 |       |       |       |       |       ||    52
       Static Discharge  |       |       |    10 |    57 |    48 |     5 |       |       |       ||   120
       Mephitic Cloud    |       |       |     9 |    29 |     2 |     9 |       |       |       ||    49
       Slow              |       |       |       |     2 |       |       |       |       |       ||     2
       Stone Arrow       |       |       |       |   219 |   543 |   126 |   117 |     5 |     2 ||  1012
       Lightning Bolt    |       |       |       |    23 |    27 |    11 |     8 |       |     5 ||    74
       Olgreb's Toxic Ra |       |       |       |       |    45 |    43 |    71 |     4 |       ||   163
       Iron Shot         |       |       |       |       |    36 |   598 |   458 |   646 |   145 ||  1883
       Irradiate         |       |       |       |       |       |    22 |    67 |    50 |    27 ||   166
       Ozocubu's Refrige |       |       |       |       |       |       |    59 |   156 |    40 ||   255
       Maxwell's Capacit |       |       |       |       |       |       |       |     1 |     1 ||     2
       Conjure Ball Ligh |       |       |       |       |       |       |       |     1 |       ||     1
Evoke: Wand              |       |       |     2 |     8 |       |    10 |     9 |       |     3 ||    32
       Condenser vane    |       |       |       |     1 |     3 |     2 |     2 |     1 |     1 ||    10
       Phial of floods   |       |       |       |       |       |     2 |       |       |       ||     2
       Tin of tremorston |       |       |       |       |       |       |       |       |     3 ||     3
  Use: Scroll            |       |       |    21 |     6 |     9 |     1 |     6 |    10 |     4 ||    57
       Potion            |       |       |     2 |     1 |     1 |     1 |     2 |     1 |       ||     8
 Stab: Distracted        |       |       |     1 |       |       |       |       |       |       ||     1
       Confused          |       |       |     1 |     2 |       |       |       |       |       ||     3
       Invisible         |       |       |       |       |       |     1 |       |       |       ||     1
       Paralysed         |       |       |       |       |       |       |     4 |       |       ||     4
Armor: Robe              |    17 |     4 |    69 |    33 |       |       |       |       |       ||   123
       Troll leather arm |       |       |       |    61 |    46 |       |       |       |       ||   107
       Animal skin       |       |       |       |       |   123 |    80 |    71 |    56 |    53 ||   383
Dodge: Dodged            |    24 |    23 |    85 |   129 |   168 |   170 |   186 |   154 |   112 ||  1051
Block: Kite shield       |       |       |       |       |       |    39 |   124 |       |       ||   163
       Tower shield      |       |       |       |       |       |    10 |   173 |   337 |   212 ||   732
       Reflection        |       |       |       |       |       |     4 |    40 |    20 |     4 ||    68

Table legend: (Time is in decaauts)
 A = Elapsed time spent in this place.
 B = Non-inter-level travel time spent in this place.
 C = Inter-level travel time spent in this place.
 D = Time resting spent in this place.
 E = Time spent auto-exploring this place.
 F = Levels seen in this place.
 G = Mean time per level.
                   A        B        C        D        E       F      G
               +--------+--------+--------+--------+--------+-----+--------+
         Total |  81269 |  76197 |   5072 |   7578 |  55976 |  49 | 1658.6 |
       Dungeon |  26038 |  24234 |   1804 |   2956 |  17702 |  15 | 1735.9 |
        Temple |     77 |     64 |     13 |      0 |     53 |   1 |   77.0 |
          Lair |   7304 |   6768 |    536 |    635 |   4973 |   6 | 1217.3 |
         Swamp |   4924 |   4609 |    315 |    738 |   3049 |   4 | 1231.0 |
     Snake Pit |   7324 |   7010 |    314 |    223 |   5548 |   4 | 1831.0 |
  Orcish Mines |   3217 |   2944 |    273 |    604 |   1572 |   2 | 1608.5 |
   Elven Halls |   4753 |   4547 |    206 |    336 |   3495 |   3 | 1584.3 |
        Vaults |  13383 |  12672 |    711 |   1484 |   9240 |   5 | 2676.6 |
        Depths |   9259 |   8535 |    724 |    375 |   6952 |   4 | 2314.8 |
           Zot |   1938 |   1766 |    172 |      8 |   1386 |   2 |  969.0 |
         Trove |     77 |     77 |      0 |      0 |      2 |   1 |   77.0 |
    Desolation |   1889 |   1889 |      0 |     27 |   1436 |   1 | 1889.0 |
      Gauntlet |   1081 |   1081 |      0 |    192 |    565 |   1 | 1081.0 |
               +--------+--------+--------+--------+--------+-----+--------+

Top non-repeatable levels by time:
Vaults:1: 3217 daAuts
Depths:4: 3107 daAuts
Depths:2: 2959 daAuts
Vaults:3: 2646 daAuts
Vaults:5: 2573 daAuts
    D:12: 2528 daAuts
Vaults:2: 2500 daAuts
Vaults:4: 2445 daAuts
   Elf:3: 2432 daAuts
 Snake:4: 2291 daAuts
    D:13: 2158 daAuts
     D:8: 2097 daAuts
    D:15: 1986 daAuts
 Snake:1: 1961 daAuts
     D:2: 1940 daAuts
